Map: Inside and Out

Players

Astrea

  • Race: Protoss Protoss
  • League: Grandmaster
  • Spawn Location: 1:00

soO - Winner!

  • Race: Zerg Zerg
  • Spawn Location: 7:00

VOD

Have the link to the VOD?

Description

Time

  • Played on: Oct. 20, 2022, 6:24 a.m.
  • Length: 11:54
Show
View Real Time Build Order
Export as new Build Order

Astrea Protoss 

Build Orders: 1 Gate Expand, Oracle Opening 

Get SALT Encoding   

  12  0:00  Probe  
  13  0:12  Probe  
  14  0:17  Pylon  
  14  0:24  Probe (Chrono Boost)  
  15  0:36  Probe (Chrono Boost)  
  15  0:37  Gateway  
  16  0:44  Probe (Chrono Boost)  
  16  0:47  Assimilator  
  17  0:51  Probe  
  18  1:03  Probe  
  19  1:15  Probe  
  20  1:24  Nexus  
  20  1:27  Probe  
  21  1:36  Cybernetics Core  
  21  1:42  Assimilator  
  21  1:44  Probe  
  22  1:51  Pylon  
  22  1:57  Probe  
  23  2:09  Probe (Chrono Boost)  
  23  2:10  Adept (Chrono Boost)  
  26  2:21  Probe (Chrono Boost)  
  26  2:22  Stargate  
  27  2:26  Probe (Chrono Boost)  
  27  2:29  Warp Gate  
  28  2:33  Adept  
  28  2:36  Probe (Chrono Boost)  
  32  2:40  Probe (Chrono Boost)  
  32  2:46  Probe (Chrono Boost)  
  32  2:50  Probe (Chrono Boost)  
  34  2:51  Probe (Chrono Boost)  
  35  3:00  Probe  
  35  3:03  Probe  
  37  3:09  Oracle (Chrono Boost)  
  37  3:12  Probe  
  41  3:15  Probe, Pylon  
  42  3:20  Gateway  
  42  3:24  Probe  
  43  3:27  Probe  
  44  3:36  Oracle (Chrono Boost), Probe  
  44  3:39  Probe  
  49  3:48  Probe  
  49  3:51  Probe  
  51  3:59  Pylon  
  51  4:01  Probe  
  52  4:03  Probe, Assimilator  
  52  4:06  Oracle  
  54  4:12  Nexus  
  54  4:15  Pylon  
  55  4:17  Probe  
  55  4:19  Probe  
  55  4:21  Stalker  
  55  4:22  Adept  
  60  4:29  Probe  
  60  4:30  Twilight Council  
  60  4:31  Probe, Gateway  
  61  4:41  Probe  
  61  4:43  Adept, Probe  
  61  4:44  Pylon  
  61  4:45  Assimilator  
  65  4:47  Adept  
  67  4:53  Probe  
  67  4:55  Probe  
  69  5:01  Pylon  
  69  5:02  Gateway  
  69  5:05  Probe  
  69  5:06  Pylon  
  68  5:07  Probe  
  68  5:10  Nexus  
  68  5:12  Pylon  
  69  5:17  Probe  
  69  5:19  Probe  
  71  5:24  Forge  
  71  5:27  Pylon  
  71  5:29  Adept x2, Probe  
  71  5:30  Adept  
  71  5:31  Probe  
  79  5:41  Probe, Blink (Chrono Boost)  
  76  5:49  Probe  
  71  5:50  Adept x3  
  71  5:53  Shield Battery, Probe  
  76  5:58  Shield Battery  
  76  6:01  Adept, Probe, Protoss Ground Armor Level 1 (Chrono Boost)  
  79  6:06  Probe  
  80  6:13  Probe  
  80  6:17  Stalker x2  
  80  6:18  Probe  
  86  6:25  Probe  
  87  6:27  Probe  
  87  6:29  Adept  
  87  6:30  Adept  
  91  6:40  Stalker x2  
  91  6:43  Robotics Facility  
  95  6:49  Gateway  
  95  6:50  Gateway  
  95  6:52  Gateway x2  
  95  6:56  Stalker x2  
  99  7:07  Stalker x2  
  103  7:10  Assimilator, Pylon  
  103  7:11  Pylon  
  103  7:24  Stalker x2  
  103  7:27  Probe x2, Photon Cannon  
  109  7:30  Pylon  
  109  7:32  Stalker x2  
  109  7:34  Observer (Chrono Boost)  
  114  7:38  Nexus  
  114  7:41  Protoss Ground Armor Level 2 (Chrono Boost), Pylon  
  114  7:42  Charge (Chrono Boost)  
  114  7:48  Observer  
  109  7:59  Stalker x5  
  109  8:01  Zealot  
  121  8:07  Stalker x2  
  121  8:10  Nexus  
  125  8:13  Assimilator  
  125  8:15  Probe x3  
  125  8:18  Templar Archives  
  128  8:29  Photon Cannon, Probe  
  128  8:32  Shield Battery  
  129  8:35  Probe  
  129  8:37  Probe  
  131  8:42  Probe, Psionic Storm  
  131  8:47  Probe  
  133  8:53  Probe  
  133  8:54  Probe  
  132  8:57  High Templar x4  
  140  9:05  Probe  
  140  9:08  Photon Cannon  
  140  9:09  Photon Cannon  
  141  9:10  Photon Cannon  
  141  9:12  Probe  
  141  9:13  High Templar  
  144  9:20  Probe  
  144  9:22  Photon Cannon  
  144  9:23  Probe x2, Pylon  
  147  9:26  Assimilator  
  147  9:27  Assimilator  
  147  9:30  Zealot, High Templar x2  
  147  9:31  Zealot x4  
  161  9:34  Shield Battery  
  161  9:36  Pylon x2  
  161  9:38  Pylon  
  161  9:43  Pylon  
  159  9:47  Photon Cannon  
  159  9:51  Photon Cannon  
  162  9:53  Forge  
  162  9:57  High Templar x2  
  166  10:01  Archon  
  166  10:09  Archon  
  166  10:11  Stalker x6  
  166  10:14  Warp Prism (Chrono Boost)  
  155  10:24  Gateway  
  155  10:26  Gateway  
  155  10:27  Photon Cannon  
  155  10:30  Photon Cannon  
  155  10:31  High Templar x2  
  155  10:34  Shield Battery, Zealot x3  
  165  10:36  Shield Battery  
  165  10:41  Photon Cannon  
  165  10:45  High Templar x3  
  165  10:50  Archon  
  165  10:56  Immortal  
  169  10:58  Zealot, High Templar x2  
  175  11:08  Archon  
  175  11:10  Stalker x2  
  154  11:18  Zealot x4  
  134  11:21  Probe x2  
  112  11:25  Stalker x2  
  107  11:33  Zealot x3  
  107  11:34  Zealot  
  99  11:40  Zealot  
  99  11:41  Zealot x3  
Show
View Real Time Build Order
Export as new Build Order

soO Zerg - Winner!

Build Orders: 3 Hatch before Pool 

Get SALT Encoding   

  12  0:00  Drone  
  13  0:11  Overlord  
  13  0:16  Drone  
  14  0:29  Drone  
  14  0:30  Drone  
  16  0:45  Drone  
  17  0:50  Hatchery  
  17  0:56  Hatchery  
  16  0:58  Drone  
  16  1:02  Drone  
  18  1:06  Drone  
  19  1:17  Extractor  
  18  1:22  Spawning Pool  
  18  1:24  Drone  
  18  1:28  Drone  
  19  1:37  Drone  
  20  1:48  Drone  
  21  1:59  Overlord  
  21  2:09  Queen x2  
  21  2:11  Zergling x2, Drone  
  27  2:19  Drone  
  27  2:21  Metabolic Boost, Drone  
  29  2:35  Zergling x2  
  30  2:41  Hatchery  
  30  2:42  Drone  
  30  2:43  Drone  
  31  2:49  Queen  
  33  2:55  Overlord  
  33  2:58  Zergling x2  
  33  3:01  Drone  
  33  3:03  Spore Crawler  
  33  3:11  Overlord  
  34  3:13  Queen, Drone  
  34  3:15  Drone  
  34  3:17  Drone  
  39  3:21  Drone  
  39  3:23  Spore Crawler  
  39  3:26  Drone  
  40  3:28  Drone x2  
  40  3:32  Drone x2  
  45  3:36  Drone x2  
  47  3:42  Queen  
  47  3:46  Zergling x4  
  51  3:53  Queen  
  51  3:54  Drone  
  54  3:58  Zergling x6  
  54  4:00  Drone  
  57  4:04  Drone  
  57  4:06  Evolution Chamber  
  56  4:14  Drone x3  
  56  4:15  Drone  
  58  4:19  Spore Crawler  
  58  4:23  Drone  
  58  4:25  Overlord x2  
  58  4:33  Overlord  
  58  4:34  Zerg Melee Weapons Level 1  
  58  4:39  Overlord  
  58  4:43  Overlord  
  58  4:47  Drone  
  58  4:48  Drone  
  58  4:49  Drone x6  
  63  4:53  Zergling x4  
  63  4:54  Zergling x2  
  63  4:57  Drone x2  
  68  5:00  Zergling x4  
  68  5:01  Zergling x4  
  70  5:07  Baneling Nest, Drone  
  70  5:11  Extractor  
  70  5:12  Drone x3  
  70  5:14  Zergling x2, Spore Crawler  
  73  5:18  Spore Crawler  
  70  5:24  Drone x3  
  70  5:25  Drone  
  70  5:28  Zergling x4  
  76  5:29  Zergling x2  
  76  5:30  Zergling x4  
  76  5:34  Overlord  
  79  5:38  Zergling x4  
  79  5:40  Drone x3  
  79  5:41  Queen  
  79  5:44  Zergling x4  
  79  5:48  Spore Crawler, Drone  
  78  5:53  Drone x3  
  78  5:55  Drone  
  82  5:57  Lair  
  82  5:58  Drone x2  
  82  5:59  Drone x3, Extractor  
  86  6:07  Zergling x2  
  86  6:08  Drone  
  87  6:13  Drone x3  
  87  6:17  Extractor  
  87  6:18  Drone x2, Extractor  
  90  6:24  Hatchery  
  89  6:30  Zergling x10  
  93  6:35  Overlord  
  93  6:37  Drone  
  93  6:39  Drone, Hatchery  
  94  6:48  Overlord  
  94  6:53  Zergling x14  
  101  6:55  Hydralisk Den  
  101  6:56  Queen  
  102  7:02  Drone x4  
  107  7:11  Hatchery  
  108  7:15  Zergling x8  
  108  7:16  Overlord  
  110  7:23  Overlord  
  110  7:25  Drone x4, Overlord  
  110  7:27  Muscular Augments  
  114  7:32  Hydralisk x3  
  114  7:33  Hydralisk  
  114  7:34  Centrifugal Hooks, Overlord  
  122  7:37  Overlord  
  122  7:42  Hydralisk x2  
  121  7:46  Overlord  
  121  7:47  Hydralisk  
  121  7:50  Overlord  
  122  7:54  Overlord  
  122  7:57  Hydralisk  
  122  7:58  Zergling x10, Hydralisk  
  126  8:07  Zergling x6  
  126  8:10  Zergling x10  
  128  8:16  Hydralisk x2  
  131  8:21  Zerg Melee Weapons Level 2  
  131  8:28  Spore Crawler  
  131  8:29  Drone x2  
  131  8:30  Hydralisk x2  
  131  8:31  Zergling x10  
  141  8:34  Overlord  
  141  8:41  Drone  
  142  8:44  Overlord  
  142  8:45  Grooved Spines  
  142  8:47  Drone  
  142  8:48  Drone x6  
  143  8:50  Drone  
  143  8:53  Hydralisk x3, Hatchery  
  143  8:54  Zergling x8  
  143  8:55  Baneling x15  
  153  9:02  Zergling x14  
  160  9:07  Baneling x8  
  160  9:08  Baneling x3  
  160  9:09  Zergling x4  
  162  9:13  Zergling x8  
  166  9:21  Zergling x8  
  166  9:22  Zergling x6  
  166  9:23  Overseer  
  173  9:28  Baneling x14  
  173  9:29  Zergling x4  
  175  9:36  Zergling x12  
  181  9:42  Infestation Pit  
  180  9:49  Zergling x20  
  180  9:50  Overlord x2  
  180  9:52  Overlord  
  190  9:54  Baneling x4  
  190  9:56  Baneling x3  
  190  9:57  Baneling x2  
  158  10:14  Zergling x38  
  175  10:27  Baneling x15  
  175  10:28  Zergling x16  
  182  10:33  Hive  
  182  10:37  Baneling x5  
  181  10:43  Zergling x18  
  188  10:51  Drone x3, Extractor  
  188  10:53  Baneling x9  
  188  10:56  Zergling x12  
  196  10:59  Baneling  
  196  11:00  Baneling x3  
  165  11:15  Zergling x14  
  165  11:16  Zergling x24  
  170  11:21  Hydralisk x2  
  170  11:22  Hydralisk x2  
  170  11:23  Zergling x2  
Tags
 
Add a new tag
Caveats
  • Supply blocks, unpowered buildings, or Contaminate may cause inaccurate times.
  • Supply counts are checked every 10 seconds.